 Dungeon Crawl Stone Soup version 0.22.1-2-g9c5b331383 (webtiles) character file.

8730 Peloso the Carver (level 11, 0/94 HPs)
             Began as a Minotaur Fighter on Jan 6, 2019.
             Was a High Priest of Okawaru.
             Slain by Rupert
             ... wielding a +6 great sword of slicing
              (20 damage)
             ... on level 12 of the Dungeon.
             The game lasted 00:31:26 (9597 turns).

Peloso the Carver (Minotaur Fighter)                Turns: 9597, Time: 00:31:26

Health: 0/94       AC: 20    Str: 22    XL:     11   Next: 13%
Magic:  9/10       EV: 13    Int:  8    God:    Okawaru [*****.]
Gold:   573        SH: 19    Dex: 17    Spells: 10/10 levels left

rFire    . . .     SeeInvis .   I - +3 falchion (freeze)
rCold    . . .     Gourm    .   c - +0 shield
rNeg     . . .     Faith    .   r - +1 plate armour
rPois    .         Spirit   .   (helmet restricted)
rElec    .         Reflect  +   l - +2 cloak
rCorr    +         Harm     .   n - +0 pair of gloves
MR       .....                  (no boots)
Stlth    ..........             H - +6 amulet of reflection
HPRegen  0.25/turn              i - +3 ring of intelligence
MPRegen  0.12/turn              E - ring of resist corrosion

@: agile
A: retaliatory headbutt, horns 2
a: Heroism, Finesse, Renounce Religion


You were on level 12 of the Dungeon.
You worshipped Okawaru.
Okawaru was extremely pleased with you.
You were not hungry.

You visited 2 branches of the dungeon, and saw 13 of its levels.

You collected 664 gold pieces.
You spent 91 gold pieces at shops.

Inventory:

Hand Weapons
 a - a +1 falchion of electrocution
 b - a +4 long sword
 I - a +3 falchion of freezing (weapon)
 K - the +3 dagger of the Jolly Allies {pierce, *Corrode rPois rF+ Int+6}
   (You found it on level 11 of the Dungeon)

   It inflicts extra damage upon your enemies.
   It affects your intelligence (+6).
   It protects you from fire.
   It protects you from poison.
   It may corrode you when you take damage.
Armour
 c - a +0 shield (worn)
 l - a +2 cloak (worn)
 n - a +0 pair of gloves (worn)
 r - a +1 plate armour (worn)
 L - +0 acid dragon scales
Jewellery
 i - a +3 ring of intelligence (left hand)
 j - an uncursed amulet of harm
 u - an uncursed amulet of regeneration
 C - a +4 ring of intelligence
 E - a ring of resist corrosion (right hand)
 H - a +6 amulet of reflection (around neck)
 M - an uncursed ring of resist corrosion
Wands
 A - a wand of clouds (4)
 D - a wand of flame (48)
Scrolls
 e - 2 scrolls of fog
 m - 2 scrolls of remove curse
 p - a scroll of enchant armour
 s - 4 scrolls of teleportation
 w - 4 scrolls of enchant weapon
 y - 2 scrolls of magic mapping
 F - a scroll of brand weapon
 G - 2 scrolls of amnesia
 N - a scroll of fear
 P - a scroll of random uselessness
 Q - 2 scrolls of blinking
Potions
 d - a potion of might
 g - 3 potions of brilliance
 h - a potion of degeneration {unknown}
 k - a potion of flight
 o - 5 potions of curing
 q - 3 potions of heal wounds
 t - a potion of ambrosia
 v - 2 potions of agility
 x - a potion of invisibility
 z - a potion of magic
 B - 2 potions of haste
 R - a potion of mutation {unknown}
Miscellaneous
 J - a phial of floods
Comestibles
 f - 28 rations
 O - 2 chunks of flesh


   Skills:
 + Level 8.2 Fighting
 + Level 12.4 Long Blades
 + Level 10.3 Armour
 + Level 3.3 Dodging
 + Level 0.9 Stealth
 + Level 10.9 Shields
 + Level 0.5 Invocations


You had 10 spell levels left.
You didn't know any spells.
Your spell library contained the following spells:

 Spells                   Type           Power        Failure   Level  Hunger
 Poisonous Vapours        Pois/Air       #.....       100%        2    ###....
 Stone Arrow              Conj/Erth      #.....       100%        3    ####...
 Leda's Liquefaction      Hex/Erth       #.........   100%        4    #####..
 Bolt of Magma            Conj/Fire/Erth #.........   100%        5    ######.
 Statue Form              Tmut/Erth      #........    100%        6    #######


Dungeon Overview and Level Annotations

Branches:
Dungeon (12/15)            Temple (1/1) D:5            Lair (0/6) D:8
    Orc (0/2) D:10

Altars:
Cheibriados
Fedhas
Hepliaklqana
Nemelex Xobeh
Okawaru
Ru
Sif Muna
Trog
Vehumet
Wu Jian

Shops:
D:6 *   D:12 :

Annotations:
D:12 Rupert


Innate Abilities, Weirdness & Mutations

You reflexively headbutt those who attack you in melee.
You have a pair of horns on your head.


Message History

You hit Rupert but do no damage. Your headbutt misses Rupert.
Rupert is moderately wounded.
You feel like a meek peon again. You block Rupert's attack.
Your plate armour prevents you from hitting Rupert.
Rupert is moderately wounded.
You block Rupert's attack.
You slash Rupert! You freeze Rupert. You headbutt Rupert.
Rupert is heavily wounded.
You block Rupert's attack.
You hit Rupert but do no damage.
Rupert is heavily wounded.
You hit Rupert. You freeze Rupert. You headbutt Rupert, but do no damage.
Rupert is heavily wounded.
Rupert hits you with a great sword of slicing!
* * * LOW HITPOINT WARNING * * *
x2 You hit Rupert.
You freeze Rupert. Your headbutt misses Rupert.
Rupert is heavily wounded.
Rupert hits you with a great sword of slicing!!
You die...

#[ #. ##+## # #.
##...## # #.
##.....## # ##.##
##.......## #
##...####.........###
#.......'.........+..
##..@####.........###
##@## ##......(## #
... ##.....## # #.##.
##...## # # #. ##'##
# #$ #.# .. #.# .#
##.## ##...##


You could see Rupert (berserk).

Vanquished Creatures
  A two-headed ogre (D:11)
  An unseen horror (D:11)
  A cyclops (D:12)
  A manticore (D:12)
  Joseph (D:7)
  A troll (D:9)
  The ghost of tensugalgo the Charmwright, an amateur GnSk of Ru (D:3)
  Grinder (D:3)
  A hippogriff (D:10)
  A spriggan (D:7)
  A wraith (D:10)
  Sigmund (D:2)
  3 yaks (D:10)
  A wyvern (D:7)
  2 hungry ghosts (D:11)
  An acid dragon (D:11)
  A water moccasin (D:12)
  A black bear (D:7)
  4 ice beasts
  A sky beast (D:11)
  6 orc warriors
  A phantom (D:4)
  3 ogres
  A crocodile (D:10)
  A big kobold (D:12)
  5 bullfrogs
  A wyvern skeleton (D:12)
  8 killer bees
  9 wights
  2 crimson imps
  A quasit (D:12)
  3 orc priests
  7 hounds
  2 bullfrog skeletons
  2 jellies
  A centaur skeleton (D:4)
  3 iguanas
  6 orc wizards
  10 worker ants
  A howler monkey zombie (D:7)
  2 worker ant zombies
  Robin (D:3)
  19 gnolls
  13 adders
  3 shadow imps
  An ooze (D:3)
  An adder skeleton (D:7)
  4 worms (D:2)
  9 leopard geckos
  37 orcs
  3 giant cockroaches
  18 goblins
  9 hobgoblins
  7 jackals
  11 kobolds
  7 quokkas
  3 ball pythons
  5 bats
  2 frilled lizards
  2 quokka skeletons
  8 rats
264 creatures vanquished.

Vanquished Creatures (others)
  An orc (D:10)
1 creature vanquished.

Grand Total: 265 creatures vanquished

Notes
Turn   | Place    | Note
-------+----------+-------------------------------------------
     0 | D:1      | Peloso the Minotaur Fighter began the quest for the Orb.
     0 | D:1      | Reached XP level 1. HP: 19/19 MP: 0/0
   260 | D:1      | Reached XP level 2. HP: 27/27 MP: 1/1
   820 | D:2      | Reached XP level 3. HP: 33/33 MP: 2/2
   914 | D:2      | Found a radiant altar of Vehumet.
   966 | D:2      | Reached skill level 3 in Long Blades
  1038 | D:2      | Reached XP level 4. HP: 27/40 MP: 3/3
  1065 | D:2      | Found a faded altar of an unknown god.
  1185 | D:2      | Noticed Sigmund
  1200 | D:2      | Killed Sigmund
  1200 | D:2      | Reached skill level 4 in Long Blades
  1200 | D:2      | Reached skill level 1 in Dodging
  1200 | D:2      | Reached XP level 5. HP: 20/47 MP: 4/4
  1766 | D:3      | Noticed Robin
  1790 | D:3      | Killed Robin
  1790 | D:3      | Reached skill level 5 in Long Blades
  1857 | D:3      | Noticed Grinder
  1869 | D:3      | Killed Grinder
  1869 | D:3      | Reached skill level 5 in Armour
  1869 | D:3      | Reached XP level 6. HP: 21/53 MP: 5/5
  2102 | D:3      | Reached skill level 6 in Long Blades
  2110 | D:3      | Found a runed door.
  2436 | D:3      | Reached skill level 5 in Shields
  2496 | D:3      | Found a deep blue altar of Sif Muna.
  2539 | D:3      | Noticed tensugalgo's ghost (amateur GnSk)
  2547 | D:3      | Killed tensugalgo's ghost
  2547 | D:3      | Reached XP level 7. HP: 56/60 MP: 6/6
  2660 | D:4      | Reached skill level 5 in Fighting
  2660 | D:4      | Reached skill level 7 in Long Blades
  2910 | D:4      | Reached XP level 8. HP: 68/68 MP: 7/7
  2955 | D:4      | Found a snail-covered altar of Cheibriados.
  3006 | D:4      | Found a bloodstained altar of Trog.
  3348 | D:5      | Entered Level 5 of the Dungeon
  3358 | D:5      | Found a staircase to the Ecumenical Temple.
  3369 | Temple   | Entered the Ecumenical Temple
  3379 | Temple   | Became a worshipper of Warmaster Okawaru
  3454 | D:5      | Reached skill level 8 in Long Blades
  3520 | D:5      | Found an ornate altar of the Wu Jian Council.
  3745 | D:5      | Reached * piety under Okawaru
  4341 | D:6      | Found Hiwup's Assorted Antiques.
  4425 | D:6      | Bought a scroll of magic mapping for 91 gold pieces
  4674 | D:7      | Reached ** piety under Okawaru
  4674 | D:7      | Reached XP level 9. HP: 74/75 MP: 8/8
  4678 | D:7      | Reached skill level 9 in Long Blades
  4809 | D:7      | Noticed Joseph
  4833 | D:7      | Killed Joseph
  4857 | D:7      | Reached skill level 10 in Long Blades
  4906 | D:7      | Found a blossoming altar of Fedhas.
  5515 | D:7      | Reached *** piety under Okawaru
  5673 | D:8      | Found a staircase to the Lair.
  5712 | D:8      | Identified the Collected Works on Envenoming and Clay
  6499 | D:9      | Noticed a troll
  6508 | D:9      | Killed a troll
  6508 | D:9      | Reached XP level 10. HP: 67/86 MP: 9/9
  6649 | D:10     | Entered Level 10 of the Dungeon
  6666 | D:10     | Reached skill level 11 in Long Blades
  6700 | D:10     | Reached **** piety under Okawaru
  6868 | D:10     | Found a staircase to the Orcish Mines.
  7229 | D:10     | Reached skill level 10 in Shields
  7911 | D:11     | HP: 2/86 [acid (7)]
  8254 | D:11     | Got a crystal dagger
  8255 | D:11     | Identified the cursed +3 dagger of the Jolly Allies
                  | {pierce, *Corrode rPois rF+ Int+6} (You found it on level
                  | 11 of the Dungeon)
  8286 | D:11     | Noticed a two-headed ogre
  8300 | D:11     | Killed a two-headed ogre
  8505 | D:11     | Reached skill level 12 in Long Blades
  8802 | D:11     | Killed an unseen horror
  8915 | D:11     | Reached skill level 10 in Armour
  9161 | D:12     | Noticed a cyclops
  9170 | D:12     | Reached XP level 11. HP: 94/94 MP: 10/10
  9195 | D:12     | Reached ***** piety under Okawaru
  9320 | D:12     | Found Keimeiq's Book Boutique.
  9574 | D:12     | Noticed Rupert
  9597 | D:12     | Slain by Rupert

Skill      XL: |  1  2  3  4  5  6  7  8  9 10 11 |
---------------+----------------------------------+-----
Shields        | 4 5 6 7 9 10 | 10.9
Armour         | 4 5 6 7 8 10 | 10.3
Fighting       | 4 5 6 7 8 |  8.2
Long Blades    | 3 4 5 6 7 8 10 12 | 12.4
Dodging        | 1 2 3 |  3.3
Stealth        | |  0.9
Invocations    | |  0.5

Action                   |  1- 3 |  4- 6 |  7- 9 | 10-12 || total
-------------------------+-------+-------+-------+-------++-------
Melee: Long sword        |    92 |   107 |   488 |    88 ||   775
       Headbutt          |     7 |    20 |    97 |    85 ||   209
       Falchion          |       |       |       |   239 ||   239
Invok: Heroism           |       |       |       |     5 ||     5
  Use: Potion            |       |     2 |       |     3 ||     5
       Scroll            |       |       |    15 |    11 ||    26
  Eat: Chunk             |     1 |     4 |    13 |     8 ||    26
       Ration            |       |       |       |     1 ||     1
Armor: Scale mail        |    37 |    48 |     3 |       ||    88
       Plate armour      |       |       |   244 |   109 ||   353
Dodge: Dodged            |    33 |    27 |   127 |    40 ||   227
Block: Shield            |    39 |    48 |   305 |   171 ||   563
       Rpst.: Long sword |     6 |     8 |    37 |     1 ||    52
       Falchion          |       |       |       |    10 ||    10
